 Dungeon Crawl Stone Soup version 0.30.0-5-g1a98f26d00 (webtiles) character file.

Game seed: 4550910531374888688

299641 cforsyth the Spry (level 22, 0/182 HPs)
             Began as a Djinni Conjurer on May 9, 2023.
             Was a High Priest of Ashenzari.
             Hit by a javelin thrown by a merfolk javelineer (12 damage)
             ... on level 4 of the Shoals on May 11, 2023.
             The game lasted 02:54:27 (37982 turns).

cforsyth the Spry (Djinni Conjurer)                Turns: 37982, Time: 02:54:28

Health: 0/182      AC: 15    Str:  6    XL:     22   Next: 30%
Gold:   2915       EV: 20    Int: 31    God:    Ashenzari [*****.] SH:  7 Dex: 12

rFire   + + +        z - +1 long sword of Uskayaw, Brewing {freeze, rElec}
rCold   + . .        N - +0 buckler "Share My Stickiness" {Fort, Melee} (curse)
rNeg    . . .        g - +0 troll leather armour of the Unyielding Gaze {Regen+, Fort, Melee} (curse)
rPois   ∞            l - +2 helmet of the Bound Jealousy {rF+ rC+ SInv, Range, Self} (curse)
rElec   +            C - +0 cloak "Tethered Gloom" {rCorr, Evo, Self} (curse)
rCorr   +            Q - +2 pair of gloves "I Foresaw This" {Evo, Self} (curse)
SInv    +            (boots unavailable)
Will    +++..        R - amulet of Ashenzari's Apathy {Regen+, Fort, Self} (curse)
Stlth   ++           O - ring "At What Cost Knowledge?" {rC+, Self, Melee} (curse)
HPRegen 2.10/turn    F - ring "Gloom of Ashenzari" {Will+, Cun, Fort} (curse)
MPRegen 0.00/turn

%: clarity, infuse magic (-1 HP)
@: spiked, flying, studying 2 skills
A: sickness immunity, fire resistance 2, cold vulnerability 1, float, innate
caster, HP casting, extra vitality 1
}: 1/15 runes: serpentine
a: Renounce Religion, Curse Item, Shatter the Chains


You were on level 4 of the Shoals.
You worshipped Ashenzari.
Ashenzari was extremely pleased with you.
You visited 6 branches of the dungeon, and saw 31 of its levels.
You also visited: Ossuary, Gauntlet and Ice Cave.

You collected 4712 gold pieces.
You spent 1797 gold pieces at shops.

Inventory:

Hand Weapons
 z - the +1 long sword of Uskayaw, Brewing (weapon) {freeze, rElec}
   (You found it on level 2 of the Shoals)

   rElec:     It insulates you from electricity.
 H - the +1 quarterstaff of Lutelesch {heavy, Str-4 SInv Stlth+}
   (You bought it in a shop on level 8 of the Dungeon)

   Str:       It affects your strength (-4).
   SInv:      It lets you see invisible.
   Stlth:     It makes you more stealthy.
 U - the +6 sling "Taesesin" {flame, Fly rC- Will+ Str+5}
   (You took it off a minotaur in a Gauntlet)

   Str:       It affects your strength (+5).
   rC:        It makes you vulnerable to cold.
   Fly:       It grants you flight.
   Will:      It increases your willpower.
Armour
 c - a +3 leather armour of resistance
 g - the cursed +0 troll leather armour of the Unyielding Gaze (worn) {Regen+, Fort, Melee}
   (You found it on level 8 of the Dungeon)

   Regen:     It increases your rate of health regeneration.
   It has a curse which improves the following skills: Fortitude: Armour and
   Shields.
   Melee Combat: Short Blades, Long Blades, Axes, Maces & Flails, Polearms,
   Staves and Unarmed Combat.
 l - the cursed +2 helmet of the Bound Jealousy (worn) {rF+ rC+ SInv, Range, Self}
   (You bought it in a shop on level 3 of the Snake Pit)

   rF:        It protects you from fire.
   rC:        It protects you from cold.
   SInv:      It lets you see invisible.
   It has a curse which improves the following skills: Ranged Combat: Ranged
   Weapons and Throwing.
   Introspection: Fighting and Spellcasting.
 C - the cursed +0 cloak "Tethered Gloom" (worn) {rCorr, Evo, Self}
   (You took it off Maurice on level 8 of the Dungeon)

   It has a curse which improves the following skills: Evocations: Evocations.
   Introspection: Fighting and Spellcasting.
 N - the cursed +0 buckler "Share My Stickiness" (worn) {Fort, Melee}
   (You found it on level 9 of the Dungeon)

   It has a curse which improves the following skills: Fortitude: Armour and
   Shields.
   Melee Combat: Short Blades, Long Blades, Axes, Maces & Flails, Polearms,
   Staves and Unarmed Combat.
 Q - the cursed +2 pair of gloves "I Foresaw This" (worn) {Evo, Self}
   (You found it on level 1 of the Lair of Beasts)

   It has a curse which improves the following skills: Evocations: Evocations.
   Introspection: Fighting and Spellcasting.
Magical Staves
 V - the staff of poison "Liluohon" {Contam rPois Will+ Dex+5}
   (You took it off a minotaur in a Gauntlet)

   [staff of poison]

   Your inability to study Poison Magic prevents you from drawing on the full
   power of this staff in melee.
   Base accuracy: +5 Base damage: 5 Base attack delay: 1.2 This weapon's minimum
   attack delay (0.6) is reached at skill level 12.
   Dex:       It affects your dexterity (+5).
   rPois:     It protects you from poison.
   Contam:    It causes magical contamination when unequipped.
   Will:      It increases your willpower.
   It falls into the 'Staves' category.
   It is a one-handed weapon.
Jewellery
 a - a +5 ring of evasion
 r - a ring of protection from fire
 D - a ring of see invisible
 E - an amulet of the acrobat
 F - the cursed ring "Gloom of Ashenzari" (right hand) {Will+, Cun, Fort}
   (You found it on level 7 of the Dungeon)

   [ring of willpower]

   Will:      It increases your willpower.
   It has a curse which improves the following skills: Cunning: Dodging and
   Stealth.
   Fortitude: Armour and Shields.
 J - a +5 ring of evasion
 K - a ring of protection from fire
 M - a ring of willpower
 O - the cursed ring "At What Cost Knowledge?" (left hand) {rC+, Self, Melee}
   (You found it on level 12 of the Dungeon)

   [ring of protection from cold]

   rC:        It protects you from cold.
   It has a curse which improves the following skills: Introspection: Fighting
   and Spellcasting.
   Melee Combat: Short Blades, Long Blades, Axes, Maces & Flails, Polearms,
   Staves and Unarmed Combat.
 R - the cursed amulet of Ashenzari's Apathy (around neck) {Regen+, Fort, Self}
   (You found it on level 1 of the Lair of Beasts)

   [amulet of regeneration]

   Regen:     It increases your rate of health regeneration.
   It has a curse which improves the following skills: Fortitude: Armour and
   Shields.
   Introspection: Fighting and Spellcasting.
 S - a +4 ring of protection
 T - a ring of positive energy
 X - a ring of protection from cold
Wands
 x - a wand of flame (39)
 y - a wand of roots (22)
 B - a wand of charming (36)
 L - a wand of digging (10)
 P - a wand of mindburst (15)
Scrolls
 b - 4 scrolls of fear
 d - 4 scrolls of vulnerability
 e - 5 scrolls of magic mapping
 f - 15 scrolls of teleportation
 h - 6 scrolls of poison
 k - 6 scrolls of fog
 q - a scroll of acquirement
 s - 3 scrolls of enchant armour
 A - 2 scrolls of enchant weapon
 G - 8 scrolls of blinking
 I - 3 scrolls of butterflies
 Y - 2 scrolls of brand weapon
 Z - a scroll of silence
Potions
 i - 4 potions of resistance
 j - 4 potions of ambrosia
 m - 3 potions of cancellation
 n - 7 potions of mutation
 o - 2 potions of brilliance
 p - 5 potions of heal wounds
 t - 8 potions of might
 u - 6 potions of invisibility
 v - 2 potions of haste
 w - 9 potions of curing
 W - 3 potions of berserk rage


   Skills:
 - Level 17.1(22.8) Fighting
 + Level 7.7(12.7) Armour
 - Level 20.7(22.6) Dodging
 - Level 1.6(3.1) Stealth
 + Level 10.0(15.0) Shields
 - Level 17.7(23.3) Spellcasting


You knew the following spells:

 Your Spells              Type           Power      Damage    Failure   Level
a - Magic Dart            Conj           100%       1d8       0%          1
b - Searing Ray           Conj           100%       2d8       0%          2
c - Dazzling Flash        Conj/Hex       100%       N/A       0%          3
d - Fulminant Prism       Conj/Hex       55%        3d24      0%          4
e - Iskenderun's Mystic   Conj/Tloc      100%       2d19      0%          4
f - Slow                  Hex            100%       N/A       0%          1
g - Passwall              Tmut/Erth      91%        N/A       0%          2
h - Vhi's Electric Charg  Tloc/Air       100%       N/A       0%          3
i - Summon Lightning Spi  Summ/Air       100%       N/A       0%          4
j - Lee's Rapid Deconstr  Erth           55%        3d26*     0%          5
k - Malign Gateway        Summ/Tloc      55%        N/A       1%          7
l - Simulacrum            Ice/Necr       55%        N/A       0%          6
m - Statue Form           Tmut/Erth      73%        N/A       0%          6
n - Enfeeble              Hex            55%        N/A       1%          7
v - Silence               Hex/Air        55%        N/A       0%          5
Your spell library was empty.

Dungeon Overview and Level Annotations

Branches:
Dungeon (15/15)            Temple (1/1) D:6            Lair (5/5) D:8
 Shoals (4/4) Lair:3        Snake (4/4) Lair:3        Slime (0/5) Lair:4
    Orc (2/2) D:12            Elf (0/3) Orc:2        Vaults (0/5) D:13
 Depths (0/4) D:15        Ossuary (visited)           IceCv (visited)
Gauntlet (visited)

Altars:
Ashenzari
Cheibriados
Elyvilon
Fedhas
Gozag
Hepliaklqana
Makhleb
Nemelex Xobeh
Qazlal
Ru
Trog
Wu Jian
Xom
Yredelemnul
Zin
The Shining One

Shops:
D:3 =!   D:5 !   D:8 *   D:9 [   D:13 [   Orc:2 *?=:!   Snake:1 *   Snake:2 *
Snake:3 [****   Snake:4 :==

Annotations:
Lair:3 2 transporters, superbruh's ghost, journeyman TrGl


Innate Abilities, Weirdness & Mutations

You are immune to sickness and miasma.
You are immune to poison.
Your flesh is very heat resistant. (rF++)
You are vulnerable to cold. (rC-)
You float through the air rather than walking.
You learn spells naturally, not from books.
Your magical power is your life essence.
You have superior vitality. (+4 MHP)


Message History

Unknown command.
Casting: Malign Gateway (mildly dangerous; 1% risk of failure)
Confirm with . or Enter, or press ? or * to list all spells.
You erupt in a blast of force!
The mystic blast hits the manticore.
The manticore is lightly wounded.
The manticore is knocked back by the mystic blast.
* * * LOW HITPOINT WARNING * * *
The merfolk throws a boomerang of dispersal.
The boomerang of dispersal hits your eldritch tentacle!
The merfolk javelineer throws a javelin.
The javelin pierces through you!
* * * LOW HITPOINT WARNING * * *
A merfolk siren comes into view. It is wielding a +0 spear.
The merfolk siren shouts!
Your eldritch tentacle slaps the merfolk!
The merfolk goes berserk!
Your eldritch tentacle claws the merfolk but does no damage.
The manticore flicks its tail.
The volley of spikes hits you.
The barbed spikes become lodged in your body.
* * * LOW HITPOINT WARNING * * *
The merfolk javelineer throws a javelin.
The javelin pierces through you!
* * * LOW HITPOINT WARNING * * *
The merfolk siren chants a haunting song.
You are unaffected.
Unknown command.
Unknown command.
The barbs in your skin will harm you if you move.
Continue?
The barbed spikes dig painfully into your body as you move.
* * * LOW HITPOINT WARNING * * *
The manticore flicks its tail.
The volley of spikes hits you!
The barbed spikes become lodged in your body.
* * * LOW HITPOINT WARNING * * *
The merfolk hits you from afar with a +0 trident.
* * * LOW HITPOINT WARNING * * *
The merfolk javelineer throws a javelin.
The javelin pierces through you!
You die...

~ ..##.....(...~~≈≈≈≈≈≈≈≈≈≈≈~
~ .#...§.......~~≈≈≈≈≈≈≈≈≈≈≈
~ ~ *
#...─*..[....~~≈≈≈≈≈≈≈≈≈≈≈~
**~.....§..÷.Λ.~~~~~~~~~≈≈≈≈~
~~~~.w....m.w.\~~~)~$~~~≈≈≈≈~
~ ~~~~~~~~..m.~~\~~..~~~~~≈≈≈
~~~~~~~~~~~[)m*....~~~~≈≈≈~~
~
~~~~~~~~~~~)~)[.....~~~~≈≈≈~
~≈≈≈≈≈≈≈≈≈≈≈≈~~@....~~~~≈≈≈~~
~ ~≈≈≈≈≈≈≈≈≈≈≈≈~~~~...~~~~≈≈≈
~
≈≈≈≈≈≈≈≈≈≈≈≈~H~~~~~~~~≈≈≈~~~~
~ ≈≈≈≈≈≈≈≈≈≈≈≈~~~~~~~≈≈≈≈≈ ~~
~ ≈≈≈≈≈≈≈≈≈≈≈≈≈≈≈≈≈≈≈≈≈≈≈ ~ ~
~~≈≈≈≈≈≈≈≈≈≈≈≈≈≈≈≈≈≈≈≈≈≈~~ ~
~ ~~~≈≈≈≈≈≈≈≈≈≈≈≈≈≈≈≈≈≈≈≈~~ ~
~ ################### ~~


You could see a merfolk javelineer, a merfolk (berserk, ally target), a
manticore, a merfolk siren and a friendly eldritch tentacle.

Vanquished Creatures
  Polyphemus (Shoals:4)
  Ilsuiw (Shoals:4)
  2 nagarajas
  Aizul (Shoals:4)
  2 orc warlords (Orc:2)
  Nessos (D:14)
  Azrael (Orc:2)
  A minotaur (Gauntlet)
  The ghost of Beischinu the Blocker, a journeyman MiFi of Okawaru (Lair:1)
  2 blizzard demons (IceCv)
  2 ettins (Orc:2)
  2 merfolk javelineers (Shoals:4)
  5 merfolk impalers
  A quicksilver dragon zombie (D:15)
  Erolcha (D:12)
  A caustic shrike simulacrum (IceCv)
  2 salamander tyrants
  2 anacondas
  8 hydras
  4 merfolk aquamancers
  An alligator snapping turtle (Shoals:4)
  A merfolk avatar (Shoals:2)
  A satyr (Shoals:4)
  4 boulder beetles
  2 centaur warriors
  2 catoblepae
  5 two-headed ogres
  A death knight (D:14)
  2 naga sharpshooters
  A vampire mage (D:15)
  A tengu warrior (D:14)
  An orc high priest (Orc:2)
  11 naga warriors
  4 death yaks
  A spectral death yak (Lair:1)
  Sonja (Orc:1)
  A shock serpent (Snake:4)
  A wretched star (Gauntlet)
  Nergalle (D:10)
  5 skysharks
  3 salamander mystics
  5 skeletal warriors
  8 sea snakes
  A bog body (IceCv)
  6 orc knights
  5 spriggan simulacra (IceCv)
  An obsidian statue (IceCv)
  11 naga ritualists
  4 harpies
  6 ugly things
  A deep elf pyromancer (D:14)
  An oklob plant (Lair:5)
  4 orc sorcerers
  13 mana vipers
  2 wolf spiders (Orc:1)
  A faun (Shoals:3)
  13 salamanders
  11 manticores
  28 black mambas
  A salamander (shapeshifter) (D:13)
  5 cyclopes
  2 merfolk sirens
  Joseph (D:7)
  Maurice (D:8)
  2 guardian serpents
  6 water nymphs
  17 elephants
  4 cane toads
  A torpor snail (D:8)
  11 naga magi
  2 gargoyles
  Maggie (D:8)
  A kobold demonologist (D:9)
  A rime drake (Lair:2)
  7 komodo dragons
  2 unseen horrors (D:12)
  Psyche (D:8)
  4 freezing wraiths (IceCv)
  A tengu conjurer (D:13)
  A spriggan skeleton (D:15)
  8 ice devils (IceCv)
  3 anaconda simulacra (IceCv)
  10 trolls
  10 merfolk
  A polar bear (Lair:1)
  3 wind drakes
  6 saltlings (Orc:2)
  11 snapping turtles
  12 blink frogs
  9 dream sheep
  A spectral black mamba (Lair:1)
  5 slime creatures (D:14)
  5 water elementals
  2 shadows (D:10)
  A dire elephant simulacrum (IceCv)
  6 wraiths
  7 vampires
  50 yaks
  A human (D:13)
  6 wyverns
  5 fire elementals
  8 vampire mosquitoes
  3 chaos spawn (Gauntlet)
  A redback (Orc:1)
  2 spectral komodo dragons (Lair:1)
  A neqoxec (Gauntlet)
  A steam dragon (D:7)
  2 basilisks
  8 minotaur simulacra (IceCv)
  A harpy simulacrum (D:15)
  3 wargs
  29 nagas
  A hydra simulacrum (IceCv)
  10 water moccasins
  An acid dragon (D:14)
  The ghost of browni3141 the Trooper, an amateur OgDe of Ru (D:6)
  3 hell hounds
  10 orc warriors
  2 black bears
  3 ettin simulacra (IceCv)
  4 ice beasts
  A sky beast (D:8)
  A boulder beetle simulacrum (Lair:1)
  An alligator simulacrum (IceCv)
  10 ogres
  28 wolves
  5 centaurs
  3 phantoms
  5 kobold brigands
  A small abomination (Gauntlet)
  7 bullfrogs
  A gnoll sergeant (D:10)
  6 scorpions
  8 deep troll simulacra (IceCv)
  5 wights (D:7)
  An elf skeleton (D:5)
  A lindwurm simulacrum (IceCv)
  23 killer bees
  7 electric eels
  9 lava snakes
  A komodo dragon simulacrum (Lair:1)
  4 centaur zombies (D:10)
  A quasit (D:8)
  4 hounds
  7 jellies
  14 orc priests
  2 sleepcaps
  A human skeleton (D:5)
  4 iguanas
  27 orc wizards
  6 mummies (Ossuary)
  6 gnolls
  11 adders
  5 shadow imps
  4 white imps
  3 ufetubi
  2 worms
  3 dart slugs
  91 orcs
  13 endoplasms
  2 giant cockroaches
  6 hobgoblins
  4 jackals (D:1)
  4 quokkas
  5 ball pythons
  8 bats
  2 frilled lizards
  8 goblins
  3 hobgoblin zombies (Ossuary)
  15 kobolds
  4 orc skeletons (D:5)
  7 rats
940 creatures vanquished.

Vanquished Creatures (collateral kills)
  Nikola (Snake:2)
  Frances (Shoals:1)
  Kirke (D:15)
  A fenstrider witch (Shoals:1)
  5 nagarajas
  The ghost of TheSexyCheese the Devastator, a journeyman GrFE of Vehumet (D:14)
  An ettin (Orc:2)
  4 merfolk impalers
  3 merfolk javelineers
  A salamander tyrant (Snake:4)
  A vault guard (D:13)
  4 anacondas
  3 hydras (Lair:5)
  An alligator snapping turtle (Shoals:1)
  2 two-headed ogres
  A merfolk avatar (Shoals:2)
  2 centaur warriors (D:15)
  4 boulder beetles
  A tengu warrior (D:15)
  9 naga warriors
  A deep troll shaman (Lair:5)
  4 death yaks
  6 naga sharpshooters
  A dancing weapon (D:14)
  A skeletal warrior (D:15)
  2 salamander mystics (Snake:4)
  4 skysharks
  2 sea snakes
  5 naga ritualists (Snake:4)
  A wizard (D:13)
  5 orc knights
  A necromancer (D:15)
  2 mana vipers
  8 fauns
  A stone giant zombie (D:15)
  An orc sorcerer (Orc:2)
  16 ugly things
  3 manticores
  7 elephants (Lair:5)
  3 cyclopes
  4 salamanders
  4 naga magi
  10 black mambas
  2 water nymphs (Shoals:1)
  6 merfolk sirens
  2 cane toads (Lair:5)
  A rime drake (Lair:5)
  3 guardian serpents (Snake:2)
  A komodo dragon (Lair:5)
  An efreet (D:15)
  A tengu conjurer (D:15)
  2 wind drakes (Shoals:1)
  14 merfolk
  3 trolls
  3 blink frogs (Lair:5)
  4 snapping turtles
  A tarantella (Orc:1)
  A blink frog (shapeshifter) (Shoals:2)
  10 dream sheep
  12 yaks (Lair:5)
  A yak (shapeshifter) (D:15)
  A water elemental (Shoals:2)
  21 humans (D:13)
  A hog (D:15)
  3 wargs
  13 nagas
  3 water moccasins (Lair:5)
  10 orc warriors
  4 wolves (Lair:5)
  2 orc priests (Orc:2)
  2 orc wizards
  12 orcs
  2 kobolds (D:9)
281 creatures vanquished.

Vanquished Creatures (others)
  57 eldritch tentacles
  A boulder beetle (D:15)
  2 wizards
  A deep elf pyromancer (D:15)
  A black mamba (Snake:2)
  A saltling (Orc:2)
  A spriggan zombie (D:15)
  3 humans (D:15)
  A naga (Snake:4)
  An ogre (D:15)
  797 fulminant prisms
866 creatures vanquished.

Grand Total: 2087 creatures vanquished

Notes
Turn   | Place    | Note
-------+----------+-------------------------------------------
     0 | D:1      | cforsyth the Djinni Conjurer began the quest for the Orb.
     0 | D:1      | cforsyth set off with the following spells memorised: Magic
                  | Dart, Searing Ray, Dazzling Flash, Fulminant Prism,
                  | Iskenderun's Mystic Blast.
     0 | D:1      | Reached XP level 1. HP: 15/15 MP: 0/0
   174 | D:1      | Reached XP level 2. HP: 19/21 MP: 0/0
   287 | D:1      | Reached XP level 3. HP: 19/25 MP: 0/0
   287 | D:1      | Learned a level 1 spell: Slow
   888 | D:2      | Reached XP level 4. HP: 28/31 MP: 0/0
  1637 | D:2      | Found a faded altar of an unknown god.
  1777 | D:3      | Found Ogakitor's Jewellery Boutique.
  1995 | D:3      | Reached skill level 1 in Fighting
  2045 | D:3      | Reached XP level 5. HP: 36/37 MP: 0/0
  2045 | D:3      | Learned a level 2 spell: Passwall
  2155 | D:3      | Reached skill level 5 in Spellcasting
  2155 | D:3      | Reached XP level 6. HP: 28/43 MP: 0/0
  2446 | D:3      | Found a bloodstained altar of Trog.
  2449 | D:3      | Noticed a wizard
  2454 | D:3      | Killed a wizard
  2550 | D:3      | Found Voutry Puaro's Distillery.
  3211 | D:4      | Reached XP level 7. HP: 45/49 MP: 0/0
  3211 | D:4      | Learned a level 3 spell: Vhi's Electric Charge
  3773 | D:4      | Found an opulent altar of Gozag.
  3859 | D:4      | Found a snail-covered altar of Cheibriados.
  4132 | D:5      | Entered Level 5 of the Dungeon
  4201 | D:5      | Found Imihuni's Distillery.
  4233 | D:5      | Found a sand-covered staircase.
  4400 | Ossuary  | Entered an ossuary
  4730 | Ossuary  | Reached XP level 8. HP: 48/56 MP: 0/0
  5004 | D:5      | Noticed a yak
  5005 | D:5      | Noticed a yak
  5006 | D:5      | Noticed a yak
  5023 | D:5      | Killed a yak
  5026 | D:5      | Killed a yak
  5027 | D:5      | Reached XP level 9. HP: 19/63 MP: 0/0
  5027 | D:5      | Learned a level 4 spell: Summon Lightning Spire
  5678 | D:5      | Found a glowing silver altar of Zin.
  5781 | D:5      | Reached skill level 5 in Fighting
  6256 | D:6      | Found a staircase to the Ecumenical Temple.
  6264 | Temple   | Entered the Ecumenical Temple
  6368 | Temple   | Became a worshipper of Ashenzari the Shackled
  6743 | D:6      | HP: 3/65 [ice beast (13)]
  7041 | D:6      | Found an ornate altar of the Wu Jian Council.
  7104 | D:6      | Found a runed translucent gate.
  7104 | D:6      | Noticed a gargoyle
  7105 | D:6      | Found a runed translucent gate.
  7105 | D:6      | Found an opulent altar of Gozag.
  7107 | D:6      | Found a runed translucent gate.
  7107 | D:6      | Noticed browni3141's ghost (amateur OgDe)
  7107 | D:6      | Noticed a manticore
  7201 | D:6      | You are sucked into a shaft and drop 3 floors!
  7206 | D:9      | Found Asughui's Antique Armour Emporium.
  7311 | D:8      | Noticed Maggie
  7317 | D:8      | Killed Maggie
  7318 | D:8      | Reached XP level 10. HP: 30/72 MP: 0/0
  7461 | D:8      | Reached skill level 10 in Spellcasting
  7462 | D:8      | Noticed Maurice
  7468 | D:8      | Killed Maurice
  7721 | D:7      | Found a blossoming altar of Fedhas.
  7722 | D:7      | Found a glowing golden altar of the Shining One.
  7722 | D:7      | Found a stormy altar of Qazlal.
  8057 | D:7      | Noticed Joseph
  8425 | D:7      | Reached * piety under Ashenzari
  8425 | D:7      | Identified a scroll of acquirement
  8686 | D:7      | Killed Joseph
  9386 | D:8      | Noticed a two-headed ogre
  9399 | D:8      | Killed a two-headed ogre
  9400 | D:8      | Reached XP level 11. HP: 65/78 MP: 0/0
  9400 | D:8      | Learned a level 5 spell: Lee's Rapid Deconstruction
  9493 | D:8      | Found a white marble altar of Elyvilon.
  9554 | D:8      | Found Zaithry's Assorted Antiques.
  9563 | D:8      | Bought a glimmering quarterstaff for 270 gold pieces
  9563 | D:8      | Identified the +1 quarterstaff of Lutelesch {heavy, Str-4
                  | SInv Stlth+} (You bought it in a shop on level 8 of the
                  | Dungeon)
  9563 | D:8      | Bought a scroll labelled BAAPISE QIHISO for 30 gold pieces
  9574 | D:8      | Noticed Psyche
  9582 | D:8      | Killed Psyche
  9766 | D:8      | Reached ** piety under Ashenzari
  9785 | D:8      | Found a basalt altar of Yredelemnul.
 10098 | D:8      | Found a staircase to the Lair.
 10187 | D:8      | Found a sparkling altar of Nemelex Xobeh.
 10331 | D:8      | Found a sacrificial altar of Ru.
 10861 | D:9      | Identified Sif Muna's Incunable of Ignition
 10862 | D:9      | Identified Sif Muna's Opusculum on the Discharge
 10862 | D:9      | Identified Sif Muna's Treatise on Stolen Souls
 10989 | D:9      | Reached *** piety under Ashenzari
 11002 | D:10     | Entered Level 10 of the Dungeon
 11213 | D:10     | Noticed Nergalle
 11225 | D:10     | Killed Nergalle
 11822 | D:10     | Reached XP level 12. HP: 81/86 MP: 0/0
 12966 | D:10     | Reached **** piety under Ashenzari
 13545 | D:9      | Reached ***** piety under Ashenzari
 13849 | D:12     | Noticed a four-headed hydra
 13853 | D:12     | Killed a four-headed hydra
 14236 | D:12     | Found a transporter.
 14239 | D:12     | Found a transporter.
 14241 | D:12     | Found a transporter.
 14432 | D:12     | Found a staircase to the Orcish Mines.
 14436 | D:12     | Noticed a skeletal warrior
 14438 | D:12     | Killed a skeletal warrior
 14439 | D:12     | Reached XP level 13. HP: 93/101 MP: 0/0
 14439 | D:12     | Learned a level 5 spell: Silence
 14642 | D:12     | Found a transporter.
 14660 | D:12     | Noticed Erolcha
 14664 | D:12     | Killed Erolcha
 14665 | D:12     | Reached skill level 10 in Fighting
 15326 | Lair:1   | Entered Level 1 of the Lair of Beasts
 15737 | Lair:1   | Found a runed translucent gate.
 15738 | Lair:1   | Found a runed translucent gate.
 15739 | Lair:1   | Found a runed translucent gate.
 15916 | Lair:1   | Reached skill level 15 in Spellcasting
 15950 | Lair:1   | Reached skill level 1 in Shields
 16409 | Lair:1   | Noticed Beischinu's ghost (journeyman MiFi)
 16440 | Lair:2   | Reached skill level 3 in Dodging
 16642 | Lair:2   | Reached skill level 4 in Dodging
 16686 | Lair:2   | Noticed an eight-headed hydra
 16691 | Lair:2   | Killed an eight-headed hydra
 16692 | Lair:2   | Reached skill level 5 in Dodging
 16921 | Lair:1   | Reached XP level 14. HP: 78/112 MP: 0/0
 16923 | Lair:1   | Killed Beischinu's ghost
 16924 | Lair:1   | Reached skill level 6 in Dodging
 16964 | Lair:1   | Reached ****** piety under Ashenzari
 17220 | Lair:2   | Reached skill level 7 in Dodging
 17348 | Lair:3   | Found a gate leading to a gauntlet.
 17365 | Gauntlet | Entered a Gauntlet
 17365 | Gauntlet | Found a transporter.
 17365 | Gauntlet | Found a transporter.
 17371 | Gauntlet | Found a transporter.
 17396 | Gauntlet | Found a transporter.
 17404 | Gauntlet | Found a transporter.
 17404 | Gauntlet | Found a transporter.
 17404 | Gauntlet | Found a transporter.
 17406 | Gauntlet | Found a transporter.
 17406 | Gauntlet | Found a transporter.
 17419 | Gauntlet | Identified the ring "Jeudozad" {rN+ Will- rCorr Str+2 SInv}
 17421 | Gauntlet | Found a transporter.
 17436 | Gauntlet | Identified the +0 helmet of Wariness {Fly rC+}
 17437 | Gauntlet | Found a transporter.
 17438 | Gauntlet | Identified the Anthology of Putrid Despicable Spells
 17446 | Gauntlet | Found a runed translucent door.
 17447 | Gauntlet | Found a transporter.
 17448 | Gauntlet | Found a runed translucent door.
 17561 | Gauntlet | Found a transporter.
 17600 | Gauntlet | Found a transporter.
 17954 | Gauntlet | Identified the +6 sling "Taesesin" {flame, Fly rC- Will+
                  | Str+5}
 17954 | Gauntlet | Identified the staff of poison "Liluohon" {Contam rPois
                  | Will+ Dex+5}
 17954 | Gauntlet | Noticed a minotaur
 17960 | Gauntlet | Killed a minotaur
 17961 | Gauntlet | Reached skill level 8 in Dodging
 17967 | Gauntlet | Identified the Treatise on Hiemal Kindling
 18130 | Lair:3   | Found a transporter.
 18136 | Lair:3   | Identified the Textbook on Topography
 18304 | Lair:3   | Reached skill level 9 in Dodging
 18488 | Lair:3   | Reached skill level 10 in Dodging
 18567 | Lair:3   | Found a staircase to the Shoals.
 18619 | Lair:3   | Found a transporter.
 18636 | Lair:3   | Noticed superbruh's ghost (journeyman TrGl)
 18684 | Lair:3   | Reached skill level 11 in Dodging
 18852 | Lair:3   | Found a staircase to the Snake Pit.
 19106 | Lair:4   | Reached skill level 12 in Dodging
 19225 | Lair:4   | Found a staircase to the Slime Pits.
 19654 | Lair:4   | Reached skill level 13 in Dodging
 19654 | Lair:4   | Reached XP level 15. HP: 121/121 MP: 0/0
 19654 | Lair:4   | Learned a level 6 spell: Simulacrum
 19998 | Lair:5   | Entered Level 5 of the Lair of Beasts
 20192 | Lair:5   | Reached skill level 14 in Dodging
 20447 | Lair:5   | Reached skill level 15 in Dodging
 20517 | Lair:5   | Reached skill level 16 in Dodging
 21283 | D:6      | Killed browni3141's ghost
 21536 | Orc:1    | Entered Level 1 of the Orcish Mines
 21547 | Orc:1    | Noticed Sonja
 21565 | Orc:1    | Killed Sonja
 22330 | Orc:2    | Entered Level 2 of the Orcish Mines
 22330 | Orc:2    | Noticed Azrael
 22336 | Orc:1    | Reached skill level 17 in Dodging
 22612 | Orc:2    | Reached XP level 16. HP: 79/129 MP: 0/0
 22614 | Orc:2    | Killed Azrael
 22819 | Orc:2    | Reached skill level 18 in Dodging
 22937 | Orc:2    | Found Faepsupru's Distillery.
 23044 | Orc:2    | Found Ydale's Book Shoppe.
 23064 | Orc:2    | Found Tagi's Jewellery Shoppe.
 23180 | Orc:2    | Found Nuizxain's Magic Scroll Shop.
 23186 | Orc:2    | Bought a scroll of blinking for 127 gold pieces
 23259 | Orc:2    | Found Eaososogh's Eclectic Emporium.
 23267 | Orc:2    | Bought a potion of experience for 750 gold pieces
 23351 | Orc:2    | Found a staircase to the Elven Halls.
 23936 | D:13     | Found Daxy's Antique Armour Boutique.
 23963 | D:13     | Reached skill level 19 in Dodging
 24014 | D:13     | Found a gate to the Vaults.
 24922 | D:14     | Reached skill level 20 in Dodging
 25155 | D:14     | Found a runed translucent door.
 25158 | D:14     | Found a shimmering altar of Xom.
 25158 | D:14     | Noticed TheSexyCheese's ghost (journeyman GrFE)
 25158 | D:14     | Identified the +0 robe of Gatt {+Blink Int+4 Dex+3}
 25192 | D:14     | Found a glowing silver altar of Zin.
 25461 | D:14     | Identified the +0 scale mail "Saakkoca" {rElec rN+ Int-4
                  | SInv}
 25766 | D:14     | Identified the +3 leather armour of the Ageless Visions
                  | {Regen+ Str-2 SInv}
 25828 | D:14     | Noticed Nessos
 25833 | D:14     | Killed Nessos
 25834 | D:14     | Reached XP level 17. HP: 139/139 MP: 0/0
 25834 | D:14     | Learned a level 7 spell: Malign Gateway
 25879 | D:14     | Killed TheSexyCheese's ghost
 25962 | D:15     | Entered Level 15 of the Dungeon
 26120 | D:15     | Noticed Kirke
 26128 | D:15     | Killed Kirke
 26142 | D:15     | Acquired a manual of Dodging
 26147 | D:15     | Acquired 785 gold pieces
 26151 | D:15     | Acquired 916 gold pieces
 27071 | D:15     | Found a staircase to the Depths.
 27607 | Snake:1  | Entered Level 1 of the Snake Pit
 28304 | Snake:1  | Found Wetaadde's Gadget Gallery.
 29319 | Snake:2  | Reached XP level 18. HP: 108/149 MP: 0/0
 29408 | Snake:2  | Noticed Nikola
 29422 | Snake:2  | Killed Nikola
 29604 | Snake:2  | Found a burning altar of Makhleb.
 29871 | Snake:2  | Found Nohywkad's General Store.
 29884 | Snake:2  | Bought a scroll of teleportation for 45 gold pieces
 29884 | Snake:2  | Bought a scroll of blinking for 112 gold pieces
 29884 | Snake:2  | Bought a potion of heal wounds for 75 gold pieces
 29884 | Snake:2  | Bought a potion of heal wounds for 75 gold pieces
 30838 | Snake:3  | Found Tocutoi's Assorted Antiques.
 30838 | Snake:3  | Found Qiyx's General Store.
 30841 | Snake:3  | Found Cetumosu's General Store.
 30843 | Snake:3  | Found Waoklio's Assorted Antiques.
 30848 | Snake:3  | Bought a bloodstained helmet for 313 gold pieces
 30848 | Snake:3  | Identified the +2 helmet "Uzolocs" {rF+ rC+ SInv} (You
                  | bought it in a shop on level 3 of the Snake Pit)
 31083 | Snake:3  | Found Ihuroesuo's Armour Shop.
 31289 | Snake:4  | Entered Level 4 of the Snake Pit
 31431 | Snake:4  | Reached skill level 15 in Fighting
 31571 | Snake:4  | Found Feibb's Jewellery Emporium.
 31572 | Snake:4  | Found Roumu's Book Shop.
 31573 | Snake:4  | Found Daesiy's Jewellery Emporium.
 31747 | Snake:4  | Reached XP level 19. HP: 149/157 MP: 0/0
 31747 | Snake:4  | Learned a level 6 spell: Statue Form
 31762 | Snake:4  | Reached skill level 5 in Shields
 31762 | Snake:4  | Reached XP level 20. HP: 162/162 MP: 0/0
 31763 | Snake:4  | Reached XP level 21. HP: 168/168 MP: 0/0
 31763 | Snake:4  | Learned a level 7 spell: Enfeeble
 31827 | Snake:4  | Identified the cursed +2 pair of gloves "I Foresaw This"
                  | {Evo, Self} (You found it on level 1 of the Lair of Beasts)
 31827 | Snake:4  | Identified the cursed +0 troll leather armour of the
                  | Unyielding Gaze {Regen+, Fort, Melee} (You found it on
                  | level 8 of the Dungeon)
 32167 | Snake:4  | Got a serpentine rune of Zot
 32600 | Shoals:1 | Entered Level 1 of the Shoals
 33017 | Shoals:1 | Noticed Frances
 33023 | Shoals:1 | Killed Frances
 33833 | Shoals:2 | Identified the +1 long sword of Uskayaw, Brewing {freeze,
                  | rElec}
 33897 | Shoals:2 | Reached skill level 1 in Armour
 34605 | Shoals:3 | Found a frozen archway.
 34629 | IceCv    | Entered an ice cave
 34796 | IceCv    | Found the +0 pair of fencer's gloves {Riposte Dex+3}
 35111 | IceCv    | Reached skill level 5 in Armour
 36235 | Shoals:4 | Entered Level 4 of the Shoals
 36249 | Shoals:4 | Noticed Ilsuiw
 36261 | Shoals:4 | Killed Ilsuiw
 36262 | Shoals:4 | Reached XP level 22. HP: 119/182 MP: 0/0
 36564 | Shoals:4 | Identified the ring of Qyehytheace {Fire rN+ Int+2 Stlth+}
 36565 | Shoals:4 | Noticed Polyphemus
 36570 | Shoals:4 | Killed Polyphemus
 36724 | Shoals:4 | Noticed Aizul
 36740 | Shoals:4 | Killed Aizul
 37977 | Shoals:4 | Reached skill level 10 in Shields
 37982 | Shoals:4 | Hit by a javelin thrown by a merfolk javelineer

Illustrated notes

Levels and vault maps discovered:
D:1:      minmay_arrival_up_and_down, layout_basic,
          nicolae_concentric_dashed_squares_wild
D:2:      layout_basic, hellmonk_ecumenical_altar_pennies_from_heaven
D:3:      layout_loops_ring, trog_wizard, overflow_temple_1_default,
          serial_shops, nicolae_shop_gaudy_bauble, nicolae_shop_back_alley_shop,
          minmay_joined_circles
D:4:      nicolae_BIG_FREAKIN_CUBE, layout_cave_pods, slow_altar_2,
          mainiacjoe_overflow_cross_hatched, nicolae_elevator_lobby_asterisk
D:5:      minmay_diamond_boxcup, layout_loops_ring, lemuel_doored_altar,
          serial_shops, shop, nicolae_ossuary_entry_catacombs
D:6:      layout_rooms, mainiacjoe_overflow_surrounded_room,
          minmay_temple_entry_arrows, ebering_ghost_gozag
D:7:      layout_basic, grunt_temple_overflow_open, st_stairs_7, uniq_joseph
D:8:      layout_basic, kennysheep_ying_yang, nemelex_diamond_rough_becter,
          kennysheep_little_box, erik_lair_island, serial_demonic,
          serial_demonic_e, serial_demonic_f, serial_demonic_c,
          serial_demonic_a, serial_shops, shop_fountains, uniq_maurice,
          uniq_maggie, uniq_psyche
D:9:      layout_cave_pools, nicolae_sif_muna_little_library, serial_shops, shop
D:10:     layout_cave_pools, serial_undead, serial_undead_e, serial_undead_b,
          serial_undead_a, serial_undead_e, serial_undead_b, serial_undead_a,
          solitary_fountain, uniq_nergalle
D:11:     layout_loops_cross, minivault_11
D:12:     layout_loops_ring, hiddenorc2_lemuel, nicolae_diode_quadrants,
          uniq_erolcha
D:13:     layout_loops_corners, grunt_vaults_entry_tiered, serial_shops,
          nicolae_shop_advertising_works [nicolae_subvault_shop_adworks],
          kennysheep_generic_room_9
D:14:     layout_stronghold, ebering_ghost_xom, zin_angel,
          kennysheep_generic_room_6, uniq_nessos
D:15:     gammafunk_depths_entry_grave, layout_basic, minmay_misc_feat_iff,
          uniq_kirke
Temple:   nicolae_temple_superstar
Lair:1:   layout_chaotic_city, gammafunk_ghost_necromancy, serial_bayou_shore_a,
          serial_bayou_shore_b, infiniplex_staircase_pool_2
Lair:2:   beast_lair_carwin_large_2, layout_long_grid, patterned_corridor
Lair:3:   layout_regular_city, minmay_shoals_entry_lonely_mermaid,
          nicolae_snake_entry_warm_welcome, gammafunk_ghost_hive,
          gauntlet_entry_generic, serial_bayou_pond_a, infiniplex_staircase_pool
Lair:4:   layout_small_grid, nicolae_slime_entry_field_trip,
          nicolae_lair_liquid_snakes, grunt_megastairs_1, serial_bayou_shore_b
Lair:5:   grunt_lair_end_beastmaster, layout_loops_ring, nzn_sisyphean_effort,
          grunt_megastairs_2
Shoals:1: layout_shoals, nicolae_shoals_beach_house_on_fowls_legs, uniq_frances
Shoals:2: layout_shoals
Shoals:3: layout_shoals, portal_ice_cave_entry_ugly_swarm
Shoals:4: shoals_end_simple, layout_shoals, shoals_ilsuiw_ice, uniq_aizul,
          uniq_polyphemus
Snake:1:  layout_misc_corridors, nicolae_shop_gadgets
Snake:2:  layout_onion_interference, serial_shops, nicolae_shop_peninsula,
          basic_altar, serial_bayou_pond_e, drop_trap, uniq_nikola
Snake:3:  layout_gridlike, serial_shops, shop_fountains, minmay_shoptagon
Snake:4:  snake_pit, layout_cave_town, minmay_shop_grove
Orc:1:    nicolae_orc_accident_3, layout_diamond_mine, mines_bat_river,
          uniq_sonja
Orc:2:    hellmonk_orc_salted, layout_diamond_mine, nicolae_alphabet_shops,
          hangedman_feature_mirror, uniq_azrael

Skill      XL: |  1  2  3  4  5  6  7  8  9 10 11 12 13 14 15 16 17 18 19 20 21 22 |
---------------+-------------------------------------------------------------------+-----
Spellcasting   | 4 5 6 8 9 11 12 14 15 16 17 | 17.7
Fighting       | 1 2 3 4 5 6 8 9 11 13 15 16 17 | 17.1
Shields        | 2 4 5 6 8 10 | 10.0
Dodging        | 5 13 17 20 | 20.7
Armour         | 5 7 |  7.7
Stealth        | |  1.6

Action                     |  1- 3 |  4- 6 |  7- 9 | 10-12 | 13-15 | 16-18 | 19-21 | 22-24 || total
---------------------------+-------+-------+-------+-------+-------+-------+-------+-------++-------
  Melee: Short sword       |       |       |     6 |    33 |    52 |    15 |     1 |       ||   107
   Cast: Magic Dart        |    66 |   108 |   164 |     3 |    17 |       |       |       ||   358
         Fulminant Prism   |       |     4 |    44 |   143 |   221 |   246 |   100 |    42 ||   800
         Iskenderun's Myst |       |       |       |     4 |    70 |   127 |    95 |    53 ||   349
         Summon Lightning  |       |       |       |     2 |     1 |     5 |       |       ||     8
         Lee's Rapid Decon |       |       |       |    76 |    16 |    25 |    23 |     7 ||   147
         Slow              |       |       |       |     2 |     2 |       |       |       ||     4
         Silence           |       |       |       |       |     5 |       |       |       ||     5
         Simulacrum        |       |       |       |       |    75 |    64 |     1 |       ||   140
         Malign Gateway    |       |       |       |       |       |    27 |    28 |     4 ||    59
         Statue Form       |       |       |       |       |       |       |     1 |       ||     1
         Enfeeble          |       |       |       |       |       |       |     1 |       ||     1
 Invoke: Curse Item        |       |       |       |     7 |     4 |     1 |     1 |       ||    13
         Shatter the Chain |       |       |       |       |     3 |     1 |     1 |       ||     5
  Evoke: Wand              |       |       |       |       |     2 |       |       |       ||     2
    Use: Scroll            |       |       |     6 |     2 |       |     3 |       |       ||    11
         Potion            |       |       |     1 |     2 |     1 |       |     2 |     1 ||     7
   Stab: Distracted        |       |       |       |       |     1 |       |       |       ||     1
 Armour: Robe              |     1 |     3 |    15 |     7 |       |       |       |       ||    26
         Troll leather arm |       |       |       |    37 |    60 |    23 |    15 |    13 ||   148
         Skin              |       |       |       |       |       |       |     5 |       ||     5
  Dodge: Dodged            |     1 |    10 |    60 |    64 |   152 |   115 |    67 |    47 ||   516
  Block: Buckler           |       |       |       |     1 |    46 |    44 |    22 |    17 ||   130
